APL (24 & UNDER)
DETROIT DIRTY SNOW @ NANTUCKET ORCAS
08/03/2027
 
TOP OF THE 1ST
Detroit Dirty Snow batting - Pitching for Nantucket Orcas : RHP Pedro Santiago
Pitching: RHP Pedro Santiago
Batting: RHB Phil Wright 0-0: SINGLE (Groundball, 34D)
Batting: RHB Cristo Souza 0-0: Called Strike
0-1: Swinging Strike
0-2: Grounds into double play, 5-4-3 (Groundball, 56)
Batting: SHB Alan Garland 0-0: Ball
1-0: Ball
2-0: Called Strike
2-1: Foul Ball, location: 2F
2-2: Ball
3-2: Foul Ball, location: 2F
3-2: Strikes out swinging, 2-3 out at first.
Top of the 1st over - 0 run(s), 1 hit(s), 0 error(s), 0 left on base; Detroit 0 - Nantucket 0
BOTTOM OF THE 1ST
Nantucket Orcas batting - Pitching for Detroit Dirty Snow : LHP Brian Gunther
Pitching: LHP Brian Gunther
Batting: RHB Ramiro Javier 0-0: Ball
1-0: Foul Ball, location: 2F
1-1: Ball
2-1: Reached via error on a dropped throw, E3
Batting: RHB Mike Willis 0-0: Ball
1-0: Ball
2-0: Called Strike
2-1: Ball
3-1: Base on Balls
Ramiro Javier to second
Batting: LHB Noah Gillespie 0-0: Ball
1-0: Called Strike
1-1: Foul Ball, location: 2F
1-2: Strikes out looking
Batting: RHB Pepe Franco 0-0: SINGLE (Line Drive, 4D)
Ramiro Javier to third
Mike Willis to second
Runner from 3rd tries for Home, SAFE, no throw
Batting: RHB Roberto Canó 0-0: DOUBLE (Line Drive, 78XD)
Mike Willis scores
Pepe Franco to third
Batting: SHB Dan Dunn 0-0: Ball
1-0: Swinging Strike
1-1: Ground out 3-1 (Groundball, 34S)
Pepe Franco scores
Roberto Canó to third
Batting: RHB Anastasio Zartuche 0-0: Foul Ball, location: 2F
0-1: Ball
1-1: SINGLE (Line Drive, 56D)
Roberto Canó scores
Batting: LHB Mauro Díaz 0-0: Ball
1-0: Swinging Strike
1-1: Ball
2-1: Swinging Strike
2-2: Ball
3-2: Foul Ball, location: 2F
3-2: Fly out, F8 (Flyball, 8LM)
Bottom of the 1st over - 4 run(s), 3 hit(s), 1 error(s), 1 left on base; Detroit 0 - Nantucket 4
TOP OF THE 2ND
Detroit Dirty Snow batting - Pitching for Nantucket Orcas : RHP Pedro Santiago
Batting: RHB Carlos Rocha 0-0: Called Strike
0-1: Ball
1-1: Foul Ball, location: 2F
1-2: Ball
2-2: Strikes out swinging
Batting: RHB Arturo Jiménez 0-0: Foul Ball, location: 2F
0-1: Called Strike
0-2: Foul Ball, location: 2F
0-2: Strikes out looking
Batting: RHB Charlie O'Farrell 0-0: Ball
1-0: Ball
2-0: Ball
3-0: Called Strike
3-1: Called Strike
3-2: Base on Balls
Batting: RHB Carlos Salas 0-0: Called Strike
0-1: Ball
1-1: Ball
2-1: Called Strike
2-2: Strikes out swinging
Top of the 2nd over - 0 run(s), 0 hit(s), 0 error(s), 1 left on base; Detroit 0 - Nantucket 4
BOTTOM OF THE 2ND
Nantucket Orcas batting - Pitching for Detroit Dirty Snow : LHP Brian Gunther
Batting: LHB Eugene Lee 0-0: Ball
1-0: Foul Ball, location: 2F
1-1: Called Strike
1-2: Ball
2-2: SINGLE (Groundball, 3S) (infield hit)
Batting: RHB Ramiro Javier 0-0: Foul Ball, location: 2F
0-1: Ball
1-1: Swinging Strike
1-2: Strikes out swinging
Batting: RHB Mike Willis 0-0: Ball
1-0: Swinging Strike
1-1: Ball
2-1: Ball
3-1: Foul Ball, location: 2F
3-2: Grounds into double play, 4-6-3 (Groundball, 34)
Bottom of the 2nd over - 0 run(s), 1 hit(s), 0 error(s), 0 left on base; Detroit 0 - Nantucket 4
TOP OF THE 3RD
Detroit Dirty Snow batting - Pitching for Nantucket Orcas : RHP Pedro Santiago
Batting: SHB Cristián López 0-0: Called Strike
0-1: Ball
1-1: Ball
2-1: Foul Ball, location: 2F
2-2: Ball
3-2: Strikes out looking
Batting: RHB Jorge López 0-0: Called Strike
0-1: Swinging Strike
0-2: Strikes out swinging
Batting: RHB Phil Wright 0-0: Called Strike
0-1: Ground out 6-3 (Groundball, 56)
Top of the 3rd over - 0 run(s), 0 hit(s), 0 error(s), 0 left on base; Detroit 0 - Nantucket 4
BOTTOM OF THE 3RD
Nantucket Orcas batting - Pitching for Detroit Dirty Snow : LHP Brian Gunther
Batting: LHB Noah Gillespie 0-0: Swinging Strike
0-1: Ball
1-1: Ball
2-1: Foul Ball, location: 2F
2-2: Ball
3-2: Strikes out looking
Batting: RHB Pepe Franco 0-0: Ball
1-0: Called Strike
1-1: Ball
2-1: SINGLE (Groundball, 6MD)
Batting: RHB Roberto Canó 0-0: Ball
1-0: Ball
2-0: Foul Ball, location: 2F
2-1: Called Strike
2-2: Strikes out swinging
Batting: SHB Dan Dunn 0-0: Called Strike
Pepe Franco steals 2nd base
0-1: Ground out 5-3 (Groundball, 5L)
Bottom of the 3rd over - 0 run(s), 1 hit(s), 0 error(s), 1 left on base; Detroit 0 - Nantucket 4
TOP OF THE 4TH
Detroit Dirty Snow batting - Pitching for Nantucket Orcas : RHP Pedro Santiago
Batting: RHB Cristo Souza 0-0: Called Strike
0-1: Ball
1-1: Ball
2-1: SINGLE (Line Drive, 89S)
Batting: SHB Alan Garland 0-0: Called Strike
0-1: Swinging Strike
0-2: Ball
1-2: Ground out 6-3 (Groundball, 6MS)
Cristo Souza to second
Batting: RHB Carlos Rocha 0-0: Ball
1-0: Called Strike
1-1: Foul Ball, location: 2F
1-2: Ground out 6-3 (Groundball, 6)
Batting: RHB Arturo Jiménez 0-0: Ball
1-0: Ground out 5-3 (Groundball, 5S)
Top of the 4th over - 0 run(s), 1 hit(s), 0 error(s), 1 left on base; Detroit 0 - Nantucket 4
BOTTOM OF THE 4TH
Nantucket Orcas batting - Pitching for Detroit Dirty Snow : LHP Brian Gunther
Batting: RHB Anastasio Zartuche 0-0: Reached on error, E5 (Groundball, 25)
Batting: LHB Mauro Díaz 0-0: Foul Ball, location: 2F
0-1: Foul Ball, location: 2F
0-2: Ball
1-2: Ball
Wild Pitch!
Anastasio Zartuche to second
2-2: Strikes out swinging
Batting: LHB Eugene Lee 0-0: Swinging Strike
0-1: Ball
1-1: Ball
2-1: Fly out, F9 (Flyball, 89M)
Batting: RHB Ramiro Javier 0-0: Swinging Strike
0-1: Foul Ball, location: 2F
0-2: Ball
1-2: Ball
2-2: Ball
3-2: Foul Ball, location: 2F
3-2: Foul Ball, location: 2F
3-2: Strikes out swinging
Bottom of the 4th over - 0 run(s), 0 hit(s), 1 error(s), 1 left on base; Detroit 0 - Nantucket 4
TOP OF THE 5TH
Detroit Dirty Snow batting - Pitching for Nantucket Orcas : RHP Pedro Santiago
Batting: RHB Charlie O'Farrell 0-0: Foul Ball, location: 2F
0-1: Ball
1-1: Ball
2-1: Foul Ball, location: 2F
2-2: Ground out 6-3 (Groundball, 6)
Batting: RHB Carlos Salas 0-0: Ball
1-0: Ball
2-0: Foul Ball, location: 2F
2-1: Swinging Strike
2-2: Foul Ball, location: 2F
2-2: Ball
3-2: Foul Ball, location: 2F
3-2: Base on Balls
Batting: SHB Cristián López 0-0: SINGLE (Groundball, 4D)
Carlos Salas to second
Runner from 2nd tries for 3rd, OUT!
Batting: RHB Jorge López 0-0: Called Strike
0-1: Ball
1-1: Ball
2-1: Foul Ball, location: 2F
2-2: SINGLE (Flyball, 8RS)
Cristián López to second
Runner from 2nd tries for 3rd, SAFE, throw made to third
Pitching: RHP Sean Flynn
Batting: RHB Phil Wright 0-0: Ball
1-0: SINGLE (Groundball, 56D)
Cristián López scores
Jorge López to second
Batting: RHB Cristo Souza 0-0: Ball
1-0: Ground out 1-3 (Groundball, P)
Top of the 5th over - 1 run(s), 3 hit(s), 0 error(s), 2 left on base; Detroit 1 - Nantucket 4
BOTTOM OF THE 5TH
Nantucket Orcas batting - Pitching for Detroit Dirty Snow : LHP Brian Gunther
Batting: RHB Mike Willis 0-0: Foul Ball, location: 2F
0-1: Ball
1-1: Ball
2-1: Swinging Strike
2-2: Strikes out swinging
Batting: LHB Noah Gillespie 0-0: Ball
1-0: Called Strike
1-1: Ball
2-1: Swinging Strike
2-2: Foul Ball, location: 2F
2-2: Foul Ball, location: 2F
2-2: Foul Ball, location: 2F
2-2: Strikes out looking
Batting: RHB Pepe Franco 0-0: Ball
1-0: Called Strike
1-1: Foul Ball, location: 2F
1-2: Ball
2-2: Ball
3-2: Foul Ball, location: 2F
3-2: Foul Ball, location: 2F
3-2: Strikes out swinging
Bottom of the 5th over - 0 run(s), 0 hit(s), 0 error(s), 0 left on base; Detroit 1 - Nantucket 4
TOP OF THE 6TH
Detroit Dirty Snow batting - Pitching for Nantucket Orcas : RHP Sean Flynn
Batting: SHB Alan Garland 0-0: Ball
1-0: Called Strike
1-1: Ball
2-1: Ball
3-1: Swinging Strike
3-2: Base on Balls
Batting: RHB Carlos Rocha 0-0: Ball
Alan Garland is caught stealing 2nd base
1-0: Called Strike
1-1: Fly out, F3 (Popup, 3S)
Batting: RHB Arturo Jiménez 0-0: Foul Ball, location: 2F
0-1: SINGLE (Line Drive, 7LS)
Batting: RHB Charlie O'Farrell 0-0: Called Strike
0-1: Foul Ball, location: 2F
0-2: Ball
1-2: Strikes out looking
Top of the 6th over - 0 run(s), 1 hit(s), 0 error(s), 1 left on base; Detroit 1 - Nantucket 4
BOTTOM OF THE 6TH
Nantucket Orcas batting - Pitching for Detroit Dirty Snow : LHP Brian Gunther
Pitching: RHP Javier Moreno
Batting: RHB Roberto Canó 0-0: Ball
1-0: SINGLE (Groundball, 6MS) (infield hit)
Batting: SHB Dan Dunn 0-0: Ball
1-0: SINGLE (Line Drive, 8RS)
Roberto Canó to second
Batting: RHB Anastasio Zartuche 0-0: SINGLE (Groundball, 6M) (infield hit)
Roberto Canó to third
Dan Dunn to second
Batting: LHB Mauro Díaz 0-0: Called Strike
0-1: Ball
1-1: Swinging Strike
1-2: Ball
2-2: Fly out, F7 (Flyball, 7LM)
Runner from 3rd tags up, SCORES, no throw
Batting: LHB Eugene Lee 0-0: Swinging Strike
0-1: Ball
1-1: Ball
2-1: Foul Ball, location: 2F
2-2: Strikes out looking
Batting: RHB Ramiro Javier 0-0: Swinging Strike
0-1: Ball
1-1: Ball
2-1: Foul Ball, location: 2F
2-2: Foul Ball, location: 2F
2-2: Strikes out swinging
Bottom of the 6th over - 1 run(s), 3 hit(s), 0 error(s), 2 left on base; Detroit 1 - Nantucket 5
TOP OF THE 7TH
Detroit Dirty Snow batting - Pitching for Nantucket Orcas : RHP Sean Flynn
Batting: RHB Carlos Salas 0-0: Called Strike
0-1: Foul Ball, location: 2F
0-2: Ball
1-2: Ball
2-2: SINGLE (Flyball, 8LS)
Batting: SHB Cristián López 0-0: Called Strike
0-1: SINGLE (Line Drive, 6D)
Carlos Salas to second
Batting: RHB Jorge López 0-0: Called Strike
0-1: Called Strike
0-2: Foul Ball, location: 2F
0-2: 3-RUN HOME RUN (Flyball, 78XD), Distance : 413 ft
Pitching: RHP Kade Coleman
Batting: RHB Phil Wright 0-0: Ball
1-0: Called Strike
1-1: Called Strike
1-2: Ground out 3-1 (Groundball, 34S)
Batting: RHB Cristo Souza 0-0: Ball
1-0: Ball
2-0: Ball
3-0: Base on Balls
Batting: SHB Alan Garland 0-0: Called Strike
0-1: Foul Ball, location: 2F
0-2: Ball
1-2: Strikes out swinging
Batting: RHB Carlos Rocha 0-0: Called Strike
0-1: Swinging Strike
0-2: Strikes out swinging
Top of the 7th over - 3 run(s), 3 hit(s), 0 error(s), 1 left on base; Detroit 4 - Nantucket 5
BOTTOM OF THE 7TH
Nantucket Orcas batting - Pitching for Detroit Dirty Snow : RHP Javier Moreno
Batting: RHB Mike Willis 0-0: Called Strike
0-1: Ball
1-1: Foul Ball, location: 2F
1-2: Strikes out swinging
Batting: LHB Noah Gillespie 0-0: Ball
1-0: Fly out, F8 (Flyball, 8RD)
Batting: RHB Pepe Franco 0-0: Ball
1-0: Ball
2-0: Ground out 6-3 (Groundball, 56)
Bottom of the 7th over - 0 run(s), 0 hit(s), 0 error(s), 0 left on base; Detroit 4 - Nantucket 5
TOP OF THE 8TH
Detroit Dirty Snow batting - Pitching for Nantucket Orcas : RHP Kade Coleman
Batting: RHB Arturo Jiménez 0-0: Called Strike
0-1: SINGLE (Flyball, 8RS)
Batting: RHB Charlie O'Farrell 0-0: Ball
1-0: Swinging Strike
1-1: Ball
2-1: Foul Ball, location: 2F
2-2: Strikes out swinging
Batting: RHB Carlos Salas 0-0: Called Strike
0-1: Called Strike
0-2: Ball
1-2: Ground out 5-3 (Groundball, 25)
Arturo Jiménez to second
Batting: SHB Cristián López 0-0: Ball
1-0: Ball
2-0: Ground out U3 (Groundball, 3L)
Top of the 8th over - 0 run(s), 1 hit(s), 0 error(s), 1 left on base; Detroit 4 - Nantucket 5
BOTTOM OF THE 8TH
Nantucket Orcas batting - Pitching for Detroit Dirty Snow : RHP Javier Moreno
Batting: RHB Roberto Canó 0-0: Hit by Pitch
Pinch Hitting: LHB Juan Lima 0-0: Ball
Roberto Canó steals 2nd base
1-0: Called Strike
1-1: Ball
2-1: Ball
3-1: Base on Balls
Batting: RHB Anastasio Zartuche 0-0: Ball
1-0: Ball
2-0: Called Strike
2-1: Fly out, F8 (Flyball, 8LD)
Runner from 2nd tags up, SAFE at 3rd, no throw
Batting: LHB Mauro Díaz 0-0: Called Strike
0-1: Ball
1-1: Ball
2-1: Ball
3-1: Fly out, F7 (Flyball, 7)
Runner from 3rd tags up, SCORES, no throw
Batting: LHB Eugene Lee 0-0: Ball
1-0: Ball
2-0: Ball
3-0: Called Strike
3-1: Base on Balls
Juan Lima to second
Pinch Hitting: LHB Howard White 0-0: Ball
1-0: Called Strike
1-1: Called Strike
1-2: Ball
2-2: Foul Ball, location: 2F
2-2: SINGLE (Line Drive, 8RS)
Juan Lima to third
Eugene Lee to second
Runner from 3rd tries for Home, SAFE, no throw
Pitching: RHP Benjamin Hutchison
Batting: RHB Mike Willis 0-0: Called Strike
0-1: Foul Ball, location: 2F
0-2: Ball
1-2: Ball
2-2: Strikes out swinging
Bottom of the 8th over - 2 run(s), 1 hit(s), 0 error(s), 2 left on base; Detroit 4 - Nantucket 7
TOP OF THE 9TH
Detroit Dirty Snow batting - Pitching for Nantucket Orcas : RHP Kade Coleman
Pitching: LHP Josh Chamberlain
Now at 2B: Juan Lima
Now in RF: Howard White
Batting: RHB Jorge López 0-0: Called Strike
0-1: Called Strike
0-2: SINGLE (Line Drive, 4M)
Batting: RHB Phil Wright 0-0: Fly out, F8 (Flyball, 8LXD)
Batting: RHB Cristo Souza 0-0: SINGLE (Line Drive, 4MD)
Jorge López to second
Batting: SHB Alan Garland 0-0: Swinging Strike
0-1: Foul Ball, location: 2F
0-2: Strikes out swinging
Batting: RHB Carlos Rocha 0-0: Ball
1-0: Swinging Strike
1-1: Called Strike
1-2: Strikes out swinging
Top of the 9th over - 0 run(s), 2 hit(s), 0 error(s), 2 left on base; Detroit 4 - Nantucket 7
Thursday, March 30th, 2017 - OOTP Baseball 17.12 Build 75